 Dungeon Crawl Stone Soup version 0.28.0-47-ge53b351184 (webtiles) character file.

Game seed: 5751987913691751595

406 Eitelfritz the Slasher (level 6, 0/47 HPs)
             Began as a Demonspawn Gladiator on Apr 28, 2022.
             Slain by a water moccasin zombie (2 damage)
             ... on level 5 of the Dungeon.
             The game lasted 00:07:17 (3946 turns).

Eitelfritz the Slasher (Demonspawn Gladiator)       Turns: 3946, Time: 00:07:17

Health: 0/47       AC:  6    Str: 16    XL:     6   Next: 56%
Magic:  6/6        EV: 12    Int: 10    God:
Gold:   217        SH:  0    Dex: 14    Spells: 5/5 levels left

rFire   . . .      SeeInvis .   a - +0 long sword
rCold   . . .      Faith    .   (no shield)
rNeg    + + .      Spirit   .   d - +0 troll leather armour {Pargi}
rPois   +          Reflect  .   c - +0 helmet
rElec   .          Harm     .   (no cloak)
rCorr   .          Rampage  .   (no gloves)
Will    +....                   n - +0 pair of boots
Stlth   +.........              (no amulet)
HPRegen 0.95/turn               (no ring)
MPRegen 0.20/turn               g - ring of Ovoos {rPois rN++ Will+}

@: no status effects
A: powered by death 1, magic regeneration, demonic touch 2
a: no special abilities


You were on level 5 of the Dungeon.
You visited 1 branch of the dungeon, and saw 5 of its levels.

You collected 217 gold pieces.

Inventory:

Hand Weapons
 a - a +0 long sword (weapon)
Missiles
 i - 2 throwing nets (quivered)
 j - 21 bolts
Armour
 c - a +0 helmet (worn)
 d - a +0 troll leather armour (worn) {Pargi}
 n - a +0 pair of boots (worn)
Jewellery
 g - the ring of Ovoos (right hand) {rPois rN++ Will+}
   (You acquired it on level 4 of the Dungeon)

   [ring of willpower]

   rPois:     It protects you from poison.
   rN:        It greatly protects you from negative energy.
   Will:      It increases your willpower.
Wands
 o - a wand of polymorph (5)
 p - a wand of flame (21)
Scrolls
 e - 3 scrolls of fog
 f - 2 scrolls of fear
 k - 3 scrolls of identify
 m - a scroll of blinking
Potions
 b - a potion of lignification {unknown}
 h - a potion of flight
 r - a potion of berserk rage


   Skills:
 + Level 3.0 Fighting
 + Level 5.0 Long Blades
 + Level 2.0 Throwing
 + Level 1.7 Armour
 + Level 3.3 Dodging
 + Level 0.8 Stealth
 * Level 2.0 Unarmed Combat


You had 5 spell levels left.
You didn't know any spells.
Your spell library contained the following spells:

 Spells                   Type           Power      Damage    Failure   Level
 Corpse Rot               Necr/Air       0%         N/A       56%         2
 Poisonous Vapours        Pois/Air       0%         N/A       56%         2


Dungeon Overview and Level Annotations

Branches:
Dungeon (5/15)
 Temple: D:4-7

Altars:
The Shining One


Innate Abilities, Weirdness & Mutations

You regenerate a little health from kills.
You regenerate magic rapidly.
Your touch may inflict irresistible damage on your foes.


Message History

The water moccasin zombie is moderately damaged.
The water moccasin zombie bites you. The iguana closely misses you.
The water moccasin zombie bites you but does no damage.
You hit the water moccasin zombie.
Your touch misses the water moccasin zombie.
The water moccasin zombie is heavily damaged.
The iguana bites you but does no damage.
The water moccasin zombie barely misses you.
The iguana bites you but does no damage.
You hit the iguana but do no damage.
The iguana is moderately wounded.
The water moccasin zombie bites you. The iguana barely misses you.
You slash the iguana!
The iguana is almost dead.
The water moccasin zombie bites you but does no damage.
The iguana hisses menacingly.
The iguana barely misses you.
The water moccasin zombie bites you but does no damage.
You closely miss the iguana.
The iguana is almost dead.
The water moccasin zombie bites you. The iguana misses you.
You barely miss the iguana.
The iguana is almost dead.
The water moccasin zombie bites you but does no damage.
The iguana closely misses you.
You hit the iguana but do no damage.
The iguana is almost dead.
The water moccasin zombie closely misses you.
The iguana bites you. The water moccasin zombie bites you.
You hit the iguana but do no damage.
You touch the iguana.
You kill the iguana!
The water moccasin zombie bites you.
The iguana bites you but does no damage.
Your Long Blades skill increases to level 5!
You hit the iguana but do no damage. The water moccasin zombie bites you.
* * * LOW HITPOINT WARNING * * *
The iguana bites you!
* * * LOW HITPOINT WARNING * * *
The water moccasin zombie bites you.
You die...

.........................
.#..#..#...#.##..####.###
#..#..#...#.##..####.#
#.....#.#.#.##....##.##
........................
....#.##.#.#.###...##.###
....+...Z..#.# #.### #
... #.##l#.#.. ..# #
#@#.#.##### #Z#+#+# #..
#<.$ #.... ##.... .....
......


You could see an iguana, a water moccasin zombie and a bullfrog zombie.

Vanquished Creatures
  Pargi (D:3)
  2 ogres
  An iguana (D:5)
  2 adders
  2 white imps
  3 worms
  2 dart slugs
  4 orcs (D:3)
  6 bats
  5 endoplasms
  10 goblins
  8 hobgoblins
  2 jackals (D:1)
  3 quokkas
  4 ball pythons
  2 frilled lizards (D:1)
  A goblin skeleton (D:4)
  4 hobgoblin zombies (D:4)
  5 kobolds
  A kobold skeleton (D:4)
  A kobold zombie (D:4)
  2 orc zombies (D:4)
  6 rats
77 creatures vanquished.

Notes
Turn   | Place    | Note
-------+----------+-------------------------------------------
     0 | D:1      | Eitelfritz the Demonspawn Gladiator began the quest for the
                  | Orb.
     0 | D:1      | Reached XP level 1. HP: 16/16 MP: 1/1
   407 | D:1      | Gained mutation: You regenerate magic rapidly. [demonic
                  | ancestry]
   407 | D:1      | Reached XP level 2. HP: 14/22 MP: 2/2
   410 | D:1      | Reached skill level 3 in Long Blades
  1453 | D:2      | Gained mutation: Your touch may inflict minor irresistible
                  | damage on your foes. [demonic ancestry]
  1453 | D:2      | Reached XP level 3. HP: 23/27 MP: 3/3
  1768 | D:2      | Found a faded altar of an unknown god.
  2502 | D:3      | Noticed Pargi
  2511 | D:3      | Killed Pargi
  2512 | D:3      | Reached skill level 4 in Long Blades
  2512 | D:3      | Reached skill level 1 in Armour
  2512 | D:3      | Reached skill level 1 in Unarmed Combat
  2512 | D:3      | Gained mutation: Your touch may inflict irresistible damage
                  | on your foes. [demonic ancestry]
  2512 | D:3      | Reached XP level 4. HP: 33/34 MP: 4/4
  2512 | D:3      | Reached XP level 5. HP: 38/39 MP: 5/5
  3483 | D:4      | Noticed an ogre
  3489 | D:4      | Killed an ogre
  3490 | D:4      | Gained mutation: You regenerate a little health from kills.
                  | [demonic ancestry]
  3490 | D:4      | Reached XP level 6. HP: 46/46 MP: 6/6
  3780 | D:4      | Identified a scroll of acquirement
  3780 | D:4      | Acquired the ring of Ovoos {rPois rN++ Will+}
  3790 | D:5      | Entered Level 5 of the Dungeon
  3946 | D:5      | Reached skill level 5 in Long Blades
  3946 | D:5      | HP: 2/47 [iguana (12)]
  3946 | D:5      | Slain by a water moccasin zombie

Illustrated notes

Levels and vault maps discovered:
D:1:      lightli_arrival_boilingwater, layout_loops_ring
D:2:      minmay_inner_zag, layout_loops_ring, basic_ecumenical_altar
D:3:      layout_rooms, minmay_crystal_water, uniq_pargi
D:4:      layout_cave_pods, nicolae_tso_besieged_by_evil
D:5:      layout_basic, minmay_misc_feat_diagonals

Skill      XL: |  1  2  3  4  5  6 |
---------------+-------------------+-----
Long Blades    | 3 4 5 |  5.0
Dodging        | 3 |  3.3
Armour         | 1 |  1.7
Unarmed Combat | 1 2 |  2.0
Throwing       | 2 |  2.0
Fighting       | 3 |  3.0
Stealth        | |  0.8

Action                   |  1- 3 |  4- 6 || total
-------------------------+-------+-------++-------
Melee: Long sword        |   134 |    92 ||   226
       Punch             |     4 |     1 ||     5
       Touch             |     4 |    17 ||    21
Throw: Throwing net      |     3 |     1 ||     4
  Use: Scroll            |       |    12 ||    12
       Potion            |       |     1 ||     1
 Stab: Held in net/web   |       |     1 ||     1
       Sleeping          |       |     1 ||     1
Armor: Leather armour    |    40 |       ||    40
       Ring mail         |    26 |       ||    26
       Scale mail        |     2 |       ||     2
       Troll leather arm |       |    25 ||    25
Dodge: Dodged            |    88 |    51 ||   139
